 Dungeon Crawl Stone Soup version 0.27.0 (webtiles) character file.

Game seed: 10815034803153105622

120 night the Stinger (level 4, -9/33 HPs)
             Began as a Draconian Venom Mage on July 30, 2021.
             Mangled by Crazy Yiuf (14 damage)
             ... on level 3 of the Dungeon.
             The game lasted 00:07:43 (3060 turns).

night the Stinger (Draconian Venom Mage)            Turns: 3060, Time: 00:07:43

Health: -9/33      AC:  5    Str: 10      XL:     4   Next: 75%
Magic:  7/9        EV: 11    Int: 22 (23) God:
Gold:   40         SH:  0    Dex:  8 (11) Spells: 0/10 levels left

rFire    . . .     SeeInvis .   c - +0 dagger
rCold    . . .     Faith    .   (no shield)
rNeg     . . .     Spirit   .   (armour unavailable)
rPois    .         Reflect  .   (helmet restricted)
rElec    .         Harm     .   (no cloak)
rCorr    .         Rampage  .   (no gloves)
Will     .....                  (no boots)
Stlth    +.........             (no amulet)
HPRegen  0.11/turn              j - +6 ring of intelligence
MPRegen  0.11/turn              (no ring)

@: no status effects
A: AC +5, unfitting armour, cold-blooded
a: no special abilities


You were on level 3 of the Dungeon.
You visited 1 branch of the dungeon, and saw 3 of its levels.

You collected 40 gold pieces.

Inventory:

Hand Weapons
 c - a +0 dagger (weapon)
Missiles
 a - 7 javelins
 b - 82 stones
 d - 10 bolts
 e - a throwing net
 f - 41 arrows
Jewellery
 j - a +6 ring of intelligence (left hand)
Scrolls
 h - a scroll of enchant armour
 i - 2 scrolls of identify
Miscellaneous
 g - a piece from Xom's chessboard (14/15)


   Skills:
 - Level 1.7 Dodging
 - Level 1.7 Stealth
 + Level 3.5 Spellcasting
 - Level 1.0 Transmutations
 + Level 4.4 Poison Magic


You couldn't memorise any spells.
You knew the following spells:

 Your Spells              Type           Power      Damage    Failure   Level
a - Sting                 Tmut/Pois      60%        1d6       3%          1
b - Poisonous Vapours     Pois/Air       26%        N/A       7%          2
c - Mephitic Cloud        Conj/Pois/Air  10%        N/A       19%         3
d - Olgreb's Toxic Radia  Pois           23%        N/A       19%         4

Your spell library contained the following spells:

 Spells                   Type           Power      Damage    Failure   Level


Dungeon Overview and Level Annotations

Branches:
Dungeon (3/15)

Altars:
Xom

Annotations:
D:3 Crazy Yiuf


Innate Abilities, Weirdness & Mutations

Your plain brown scales are hard. (AC +5)
You cannot fit into any form of body armour.
You are cold-blooded and may be slowed by cold attacks.


Message History

You feel sick.
You are no longer poisoned.
Crazy Yiuf cries, "Mugger!
Paint sing fast."
Crazy Yiuf screams, "Candle tea light!"
Crazy Yiuf looks more healthy.
Crazy Yiuf yells, "Lugonu return to song seventy!"
Casting: Poisonous Vapours (safe; 7% risk of failure)
Confirm with . or Enter, or press ? or * to list all spells.
The spell is quite dangerous to cast (19% risk of failure)!
Continue anyway?
Aiming: Mephitic Cloud (quite dangerous; 19% risk of failure)
Press: ? - help, Shift-Dir - straight line, p - Crazy Yiuf The ball explodes into a vile cloud!
The stinking cloud engulfs Crazy Yiuf but does no damage.
Crazy Yiuf is severely wounded.
Crazy Yiuf hits you with a +3 quarterstaff of chaos!
* * * LOW HITPOINT WARNING * * *
You resist with some effort.
Crazy Yiuf screams, "Cake action cower!"
Things that are here:
a +0 dagger; a goblin corpse Crazy Yiuf grits, "Liver!"
You are too injured to fight recklessly!
You aren't carrying any potions.
Crazy Yiuf grits, "Cards dark shoe!"
Crazy Yiuf grits, "Announcement fast noodlescoop!"
Crazy Yiuf cries, "Pitchfork pontify meccalolo!"
Crazy Yiuf laughs, "Flower!
Cards head pizzabubble."
Crazy Yiuf says, "Island!
Flower Hive seventy."
Crazy Yiuf says, "Whiteboard!"
Crazy Yiuf cries, "Sif Muna ragdoll sing!"
Crazy Yiuf says, "Cholesterol water leg!"
Casting: Mephitic Cloud (quite dangerous; 19% risk of failure)
Confirm with . or Enter, or press ? or * to list all spells.
Aiming: Sting (safe; 3% risk of failure)
Press: ? - help, Shift-Dir - straight line, f - Crazy Yiuf
Aim: Crazy Yiuf, wielding a +3 quarterstaff of chaos and wearing a +0 cloak (heavily wounded, 77% to hit)
The sting hits Crazy Yiuf.
Crazy Yiuf is poisoned.
Crazy Yiuf is severely wounded.
Crazy Yiuf hits you with a +3 quarterstaff of chaos!
You die...

#.######..............#####.#.#
#.#<...................# #.#.#
#)..................#..# #.#.#
###########..#####.#..# #.#..
##.## #.#..# #.... ###..#
#.#..# #._.. #....#
#.#..####...# #...g#
#.#.....).#.# #...@##
#.#.#######.# #.....#
#.#.........# #.....#
#.#....######
#####.###..........
#..##.#....#### ##.##.#....#
#..#.#....# ##.#.#....#
#.#.#....#


You could see Crazy Yiuf (poisoned).

Vanquished Creatures
  A hound (D:3)
  Jessica (D:2)
  An adder (D:2)
  A white imp (D:2)
  A dart slug (D:1)
  An orc (D:3)
  5 endoplasms
  2 giant cockroaches
  6 goblins
  3 hobgoblins
  4 jackals (D:2)
  2 quokkas (D:1)
  3 ball pythons
  6 bats
  A frilled lizard (D:1)
  A kobold (D:1)
  6 rats
45 creatures vanquished.

Notes
Turn   | Place    | Note
-------+----------+-------------------------------------------
     0 | D:1      | night the Draconian Venom Mage began the quest for the Orb.
     0 | D:1      | Reached XP level 1. HP: 14/14 MP: 3/3
   213 | D:1      | Reached XP level 2. HP: 20/20 MP: 0/5
   399 | D:1      | Learned a level 2 spell: Poisonous Vapours
   572 | D:1      | Found a faded altar of an unknown god.
  1161 | D:1      | Reached XP level 3. HP: 26/26 MP: 4/7
  1165 | D:1      | Learned a level 3 spell: Mephitic Cloud
  2092 | D:2      | Noticed Jessica
  2095 | D:2      | Killed Jessica
  2096 | D:2      | Reached skill level 4 in Poison Magic
  2096 | D:2      | Reached XP level 4. HP: 33/33 MP: 8/8
  2859 | D:3      | Found a shimmering altar of Xom.
  2944 | D:3      | Learned a level 4 spell: Olgreb's Toxic Radiance
  2992 | D:3      | Found a runed translucent door.
  2993 | D:3      | Noticed Crazy Yiuf
  3028 | D:3      | HP: 1/33 [Crazy Yiuf (9)]
  3060 | D:3      | Mangled by Crazy Yiuf

Illustrated notes

Levels and vault maps discovered:
D:1:      minmay_arrival_open_corners, layout_loops_ring,
          shapermc_ecumenical_altar_notcrosses, dk_noncrumbling_2,
          hangedman_decor_growths
D:2:      layout_loops_ring, uniq_jessica
D:3:      layout_basic, xom_butterflies, grunt_dithmenos_smoke,
          uniq_crazy_yiuf_cottage

Skill      XL: |  1  2  3 |
---------------+----------+-----
Spellcasting   | 3 |  3.5
Poison Magic   | 4 |  4.4
Dodging        | |  1.7
Stealth        | |  1.7
Transmutations | |  1.0

Action                   |  1- 3 |  4- 6 || total
-------------------------+-------+-------++-------
Melee: Unarmed           |    13 |       ||    13
       Dagger            |    18 |    20 ||    38
       Tailslap          |     3 |     2 ||     5
 Cast: Sting             |    35 |    12 ||    47
       Poisonous Vapours |    20 |     9 ||    29
       Mephitic Cloud    |       |     1 ||     1
Evoke: Piece from Xom's  |       |     2 ||     2
  Use: Scroll            |       |     3 ||     3
       Potion            |       |     1 ||     1
 Stab: Sleeping          |     4 |     1 ||     5
       Paralysed         |       |     1 ||     1
Armor: Skin              |     8 |     9 ||    17
Dodge: Dodged            |    25 |    15 ||    40
